 Dungeon Crawl Stone Soup version 0.20.1-1-g8b1a95d (webtiles) character file.

12545 HammerPanzer the Basher (level 11, -5/74 HPs)
             Began as a Demonspawn Berserker on Oct 29, 2017.
             Was a High Priest of Trog.
             Shot with an arrow by a centaur warrior (8 damage)
             ... on level 13 of the Dungeon.
             The game lasted 00:42:04 (14137 turns).

HammerPanzer the Basher (Demonspawn Berserker)     Turns: 14137, Time: 00:42:05

Health: -5/74      AC: 10    Str: 21    XL:     11   Next: 63%
Magic:  11/11      EV:  9    Int:  9    God:    Trog [*****.]
Gold:   742        SH:  7    Dex: 12    Spells: 10/10 levels left

rFire    + . .     SeeInvis .   t - +0 morningstar
rCold    + . .     Gourm    .   s - +0 shield
rNeg     . . .     Faith    .   q - +1 chain mail
rPois    .         Spirit   .   (no helmet)
rElec    .         Reflect  .   v - +2 cloak {MR+}
rCorr    .         Harm     .   (no gloves)
MR       +....                  (no boots)
Stlth    ..........             (no amulet)
Regen    0.3/turn               j - ring of stealth
MPRegen  0.2/turn               i - +4 ring of evasion

@: berserk cooldown, slowed, very slow
A: claws 1, yellow scales 1, cold resistance 1, deformed body, demonic guardian
2, fire resistance 1, frail 2, evolution 1, freezing cloud immunity
a: Berserk, Trog's Hand, Brothers in Arms, Burn Spellbooks, Renounce Religion


You were on level 13 of the Dungeon.
You worshipped Trog.
Trog was extremely pleased with you.
You were very hungry.

You visited 1 branch of the dungeon, and saw 13 of its levels.

You collected 742 gold pieces.

Inventory:

Hand Weapons
 t - a +0 morningstar (weapon)
 H - a +2 antimagic battleaxe
 O - a +1 halberd of venom
Missiles
 z - 8 tomahawks (quivered)
 F - 5 javelins
Armour
 q - a +1 chain mail (worn)
 s - a +0 shield (worn)
 v - a +2 cloak of magic resistance (worn)
Jewellery
 i - a +4 ring of evasion (right claw)
 j - a ring of stealth (left claw)
Wands
 k - a wand of polymorph (9/24)
 p - a wand of disintegration (5/24)
 w - a wand of disintegration (12/24)
 x - a wand of clouds (6/9)
 B - a wand of iceblast (10/15)
 G - a wand of clouds (2/9)
 I - a wand of flame (29/48)
 J - a wand of confusion (33/48)
Scrolls
 d - 5 scrolls of enchant weapon
 f - 5 scrolls of remove curse
 m - 3 scrolls of identify
 o - a scroll of fog
 r - a scroll of fear
 y - a scroll of enchant armour
 L - 2 scrolls of recharging {unknown}
 M - 2 scrolls of teleportation
Potions
 a - 3 potions of flight
 b - 3 potions of brilliance
 e - 4 potions of curing
 g - a potion of haste {unknown}
 h - 2 potions of invisibility
 l - a potion of mutation
 u - 2 potions of lignification
 A - 4 potions of heal wounds
 C - a potion of might
 N - a potion of berserk rage {unknown}
Comestibles
 c - 6 bread rations
 n - 5 meat rations
 D - 3 royal jellies
 K - 3 chunks of flesh


   Skills:
 + Level 11.2 Fighting
 * Level 13.7 Maces & Flails
 - Level 1.7 Armour
 - Level 1.7 Dodging


You had 10 spell levels left.
You didn't know any spells.

Dungeon Overview and Level Annotations

Branches:
Dungeon (13/15)            Temple (0/1) D:6            Lair (0/6) D:9
    Orc (0/2) D:9
 Vaults: D:13-14

Altars:
Dithmenos
Gozag
Hepliaklqana
Kikubaaqudgha
Makhleb
Ru
Sif Muna
Trog
Zin
The Shining One

Shops:
D:4 %

Annotations:
D:9 exclusion: 2 oklob plants


Innate Abilities, Weirdness & Mutations

You have sharp fingernails.
You are partially covered in yellow scales. (AC +2)
Your flesh is cold resistant. (rC+)
A demonic guardian rushes to your aid.
You are immune to freezing clouds.
Armour fits poorly on your strangely shaped body.
Your flesh is heat resistant. (rF+)
You are very frail. (-20% HP)
You evolve.


Message History

Your ice devil dies!
You hear the steady creaking of a very distant portcullis.
The centaur warrior shoots an arrow.
The arrow hits you but does no damage.
You see here an arrow.
The centaur warrior shoots an arrow.
The arrow hits you!
The centaur warrior shoots an arrow.
The arrow barely misses you.
The centaur warrior shoots an arrow.
The arrow hits you!
* * * LOW HITPOINT WARNING * * *
Your orange demon barely misses the bullfrog.
Your orange demon hits the bullfrog.
You see here an arrow.
The centaur warrior shoots an arrow.
You block the arrow.
You see here an arrow.
The centaur warrior shoots an arrow.
The arrow hits you.
* * * LOW HITPOINT WARNING * * *
You see here an arrow.
The centaur warrior shoots an arrow.
The arrow hits you!
* * * LOW HITPOINT WARNING * * *
The centaur warrior shoots an arrow.
The arrow hits you!
You die...

,,*,*,,,,,,*,* ,,,,,,,,,,,*,*
****,*,,,,,*+*********
*,*,,,,,,,,,,,,,,,*
*,*,,,,,,,,,,****,*
****,*#+**,,,,,,* *,*
,,,,,,..***,,,*** *,* ****,*#%*
*,,,#####*,****** *,,,,,.c*
****#.@3#*,,,,,,* *.,,,,#.*
#(#.####***,* *...,,#(* #.#....#
*,* *.....#4#######(####.####.#
*......F(Tc.(.c(#.........#*****
*.......#########.##<.......,,,*
*......>,,,,,#.....#..########,*
*####.#.****,#.....#........<#,*
#...,,,,,#.###.##.##.รท#..#,*


You could see a centaur warrior and a friendly soul eater.

Vanquished Creatures
  2 two-headed ogres
  An ugly thing (D:12)
  A cyclops (D:12)
  A kobold demonologist (D:12)
  2 trolls
  2 yaks
  A wyvern (D:12)
  A shadow (D:12)
  A human (D:8)
  A wraith (D:11)
  2 hogs (D:8)
  A vampire (D:12)
  A steam dragon (D:9)
  2 wargs (D:9)
  2 acid dragons (D:11)
  A sky beast (D:7)
  2 orc warriors
  An ice beast (D:11)
  2 black bears
  A hornet zombie (D:8)
  A necrophage (D:7)
  3 phantoms
  A wolf (D:9)
  6 ogres
  5 centaurs
  A big kobold (D:8)
  5 bullfrogs
  A water moccasin zombie (D:8)
  4 killer bees (D:9)
  3 wights (D:12)
  8 howler monkeys
  2 centaur zombies
  A quasit (D:7)
  A bullfrog zombie (D:8)
  5 jellies
  Crazy Yiuf (D:6)
  7 hounds
  12 orc wizards
  3 bullfrog skeletons
  6 orc priests
  2 centaur skeletons
  4 iguanas
  8 worker ants
  A hound skeleton (D:7)
  3 worker ant zombies
  4 gnolls (D:4)
  17 adders
  A howler monkey skeleton (D:10)
  5 shadow imps
  2 oozes
  An adder zombie (D:5)
  6 worms
  3 leopard geckos
  41 orcs
  6 bats
  3 giant cockroaches
  7 goblins
  7 hobgoblins
  5 jackals
  13 kobolds
  4 quokkas
  2 ball pythons
  2 frilled lizards
  A leopard gecko skeleton (D:5)
  A quokka skeleton (D:4)
  A quokka zombie (D:7)
  9 rats
263 creatures vanquished.

Vanquished Creatures (collateral kills)
  An ogre mage (D:12)
  4 two-headed ogres
  The ghost of Linguinho the Covert, a novice DsAs of Ashenzari (D:6)
  The ghost of teton the Magician, a novice DECj of Vehumet (D:8)
  Maurice (D:9)
  A troll (D:9)
  Sigmund (D:6)
  A hog (D:8)
  Menkaure (D:6)
  2 wargs (D:9)
  5 ogres
  3 centaurs
  A killer bee (D:9)
  5 hounds (D:9)
  A jelly (D:9)
  2 orc priests
  2 orc wizards (D:6)
  3 gnolls (D:6)
  A shadow imp (D:9)
  7 orcs
44 creatures vanquished.

Grand Total: 307 creatures vanquished

Notes
Turn   | Place    | Note
-------+----------+-------------------------------------------
     0 | D:1      | HammerPanzer the Demonspawn Berserker began the quest for the Orb.
     0 | D:1      | Reached XP level 1. HP: 18/18 MP: 1/1
   199 | D:1      | Gained mutation: You have sharp fingernails. [demonic ancestry]
   199 | D:1      | Reached XP level 2. HP: 24/24 MP: 2/2
   774 | D:1      | Reached skill level 3 in Maces & Flails
  1007 | D:1      | Gained mutation: A weak demonic guardian rushes to your aid. [demonic ancestry]
  1007 | D:1      | Reached XP level 3. HP: 28/29 MP: 3/3
  1636 | D:2      | Reached ** piety under Trog
  1663 | D:2      | Found an ancient bone altar of Kikubaaqudgha.
  1743 | D:2      | Gained mutation: A demonic guardian rushes to your aid. [demonic ancestry]
  1743 | D:2      | Reached XP level 4. HP: 37/37 MP: 4/4
  1976 | D:2      | Found a deep blue altar of Sif Muna.
  2197 | D:3      | Reached skill level 4 in Maces & Flails
  3001 | D:4      | Reached XP level 5. HP: 37/42 MP: 5/5
  3065 | D:4      | Reached skill level 5 in Maces & Flails
  3138 | D:5      | Entered Level 5 of the Dungeon
  3257 | D:5      | Found an opulent altar of Gozag.
  3323 | D:5      | Noticed a centaur
  3325 | D:5      | Killed a centaur
  3325 | D:5      | Reached XP level 6. HP: 49/49 MP: 6/6
  3434 | D:4      | Reached *** piety under Trog
  3483 | D:4      | Reached skill level 5 in Fighting
  3606 | D:4      | You fall through a shaft!
  3721 | D:5      | Reached skill level 6 in Maces & Flails
  3726 | D:6      | Noticed an orc warrior
  3831 | D:4      | Found Niux's Food Boutique.
  4305 | D:5      | Reached XP level 7. HP: 33/56 MP: 7/7
  4553 | D:5      | Found a glowing golden altar of the Shining One.
  4633 | D:5      | Found a bloodstained altar of Trog.
  5193 | D:6      | Noticed Menkaure
  5392 | D:6      | Reached skill level 7 in Maces & Flails
  5454 | D:6      | Noticed Linguinho's ghost (novice DsAs)
  5504 | D:5      | Gained mutation: You are partially covered in yellow scales. (AC +2) [demonic ancestry]
  5504 | D:5      | Reached XP level 8. HP: 27/64 MP: 8/8
  6107 | D:6      | Killed Linguinho's ghost
  6107 | D:6      | Reached skill level 8 in Maces & Flails
  6109 | D:6      | Reached **** piety under Trog
  6400 | D:6      | You fall through a shaft!
  6575 | D:6      | Found a runed door.
  6580 | D:6      | Noticed Crazy Yiuf
  6588 | D:6      | Killed Crazy Yiuf
  6750 | D:6      | Killed Menkaure
  6808 | D:7      | Reached skill level 9 in Maces & Flails
  6834 | D:6      | Found a staircase to the Ecumenical Temple.
  6874 | D:6      | Noticed Sigmund
  6882 | D:6      | Killed Sigmund
  7074 | D:7      | Reached XP level 9. HP: 61/72 MP: 9/9
  7168 | D:7      | Found a burning altar of Makhleb.
  7236 | D:8      | Noticed a two-headed ogre
  7242 | D:8      | Killed a two-headed ogre
  7334 | D:7      | Reached skill level 10 in Maces & Flails
  7582 | D:8      | Found a glowing silver altar of Zin.
  7587 | D:8      | Found an opulent altar of Gozag.
  7599 | D:8      | Found a shadowy altar of Dithmenos.
  7611 | D:8      | Found a hazy altar of Hepliaklqana.
  8054 | D:8      | Noticed a two-headed ogre
  8062 | D:8      | Killed a two-headed ogre
  8078 | D:8      | Reached ***** piety under Trog
  8078 | D:8      | Reached skill level 11 in Maces & Flails
  8087 | D:8      | Noticed teton's ghost (novice DECj)
  8377 | D:8      | Gained mutation: Your flesh is cold resistant. (rC+) [demonic ancestry]
  8377 | D:8      | Reached XP level 10. HP: 74/83 MP: 10/10
  8603 | D:8      | Found a sacrificial altar of Ru.
  9035 | D:8      | Killed teton's ghost
  9389 | D:9      | Noticed an oklob plant
  9390 | D:9      | Noticed an oklob plant
  9424 | D:9      | Found a staircase to the Lair.
  9585 | D:10     | Entered Level 10 of the Dungeon
  9702 | D:9      | Noticed Maurice
  9711 | D:9      | Killed Maurice
  9929 | D:9      | Reached skill level 12 in Maces & Flails
  9950 | D:9      | Received a gift from Trog
 10209 | D:9      | Found a staircase to the Orcish Mines.
 10445 | D:11     | Reached skill level 10 in Fighting
 11464 | D:11     | Noticed a two-headed ogre
 11469 | D:11     | Killed a two-headed ogre
 11764 | D:12     | Noticed a white ugly thing
 11767 | D:12     | Killed a white ugly thing
 11775 | D:11     | Gained mutation: Your flesh is heat resistant. (rF+) [mutagenic meat]
 11776 | D:11     | Gained mutation: You are frail. (-10% HP) [mutagenic meat]
 11777 | D:11     | Gained mutation: You evolve. [mutagenic meat]
 11778 | D:11     | Gained mutation: Armour fits poorly on your strangely shaped body. [mutagenic meat]
 11792 | D:12     | Noticed a cyclops
 11800 | D:12     | Killed a cyclops
 11800 | D:12     | Gained mutation: You are immune to freezing clouds. [demonic ancestry]
 11800 | D:12     | Reached XP level 11. HP: 60/81 MP: 3/11
 11915 | D:12     | Gained mutation: You are very frail. (-20% HP) [evolution]
 11954 | D:11     | Noticed a two-headed ogre
 11963 | D:11     | Killed a two-headed ogre
 12531 | D:11     | Reached skill level 13 in Maces & Flails
 13769 | D:13     | Noticed a catoblepas
 13787 | D:12     | Noticed a two-headed ogre
 13788 | D:12     | Noticed an ogre mage
 13794 | D:12     | Killed a two-headed ogre
 13800 | D:12     | Killed an ogre mage
 13818 | D:12     | Received a gift from Trog
 14116 | D:13     | Noticed a two-headed ogre
 14121 | D:13     | Noticed a centaur warrior
 14124 | D:13     | Noticed a centaur warrior
 14126 | D:13     | Killed a two-headed ogre
 14137 | D:13     | HP: 3/74 [centaur warrior/arrow (13)]
 14137 | D:13     | Shot with an arrow by a centaur warrior

Skill      XL: |  1  2  3  4  5  6  7  8  9 10 11 |
---------------+----------------------------------+-----
Maces & Flails | 3 4 5 6 7 9 11 12 13 | 13.7
Fighting       | 4 5 6 7 9 10 11 | 11.2
Armour         | |  1.7
Dodging        | |  1.7

Action                   |  1- 3 |  4- 6 |  7- 9 | 10-12 || total
-------------------------+-------+-------+-------+-------++-------
Melee: Mace              |   130 |   158 |       |       ||   288
       Morningstar       |       |    54 |   276 |   397 ||   727
       Battleaxe         |       |       |       |    72 ||    72
Throw: Tomahawk          |       |       |     5 |     5 ||    10
Invok: Berserk           |     5 |     3 |     9 |    19 ||    36
  Use: Scroll            |       |     6 |     7 |     6 ||    19
       Potion            |       |       |     1 |       ||     1
 Stab: Distracted        |       |       |     2 |     1 ||     3
  Eat: Chunk             |     7 |    10 |    17 |    23 ||    57
       Fruit             |       |       |     1 |     2 ||     3
       Meat ration       |       |       |     1 |       ||     1
       Royal jelly       |       |       |       |     3 ||     3
       Bread ration      |       |       |       |     2 ||     2
Armor: Animal skin       |     3 |       |       |       ||     3
       Ring mail         |    27 |     7 |       |       ||    34
       Chain mail        |       |    64 |   127 |   307 ||   498
       Scale mail        |       |    11 |       |       ||    11
Dodge: Dodged            |   127 |   131 |   104 |   190 ||   552
Block: Shield            |       |    34 |   104 |   161 ||   299
